 Dungeon Crawl Stone Soup version 0.20.0-10-g0535bb4 (webtiles) character file.

620 Jannitor the Cutter (level 7, -2/45 HPs)
             Began as a Kobold Berserker on June 7, 2017.
             Was a Priest of Trog.
             Slain by a worker ant (4 damage)
             ... on level 4 of the Dungeon.
             The game lasted 00:05:15 (2826 turns).

Jannitor the Cutter (Kobold Berserker)              Turns: 2826, Time: 00:05:17

Health: -2/45      AC:  3    Str: 15    XL:     7   Next: 75%
Magic:  7/7        EV: 15    Int: 14    God:    Trog [***...]
Gold:   115        SH:  0    Dex: 15    Spells: 6/6 levels left

rFire    . . .     SeeInvis .   e - +2 short sword (freeze)
rCold    . . .     Gourm    .   (shield restricted)
rNeg     . . .     Faith    .   b - +0 animal skin
rPois    .         Spirit   .   (no helmet)
rElec    .         Reflect  .   k - +0 cloak
rCorr    .         Harm     .   (no gloves)
MR       .....                  (no boots)
Stlth    +++.......             (no amulet)
Regen    0.2/turn               (no ring)
MPRegen  0.1/turn               (no ring)

@: brilliant, lethally poisoned (-2 -> -10), berserk cooldown, slowed, very slow
A: carnivore 3
a: Berserk, Trog's Hand, Burn Spellbooks, Renounce Religion


You were on level 4 of the Dungeon.
You worshipped Trog.
Trog was most pleased with you.
You were very full.

You visited 1 branch of the dungeon, and saw 4 of its levels.

You collected 115 gold pieces.

Inventory:

Hand Weapons
 a - a +0 short sword
 e - a +2 short sword of freezing (weapon)
Missiles
 f - 46 bolts
Armour
 b - a +0 animal skin (worn)
 k - a +0 cloak (worn)
Scrolls
 d - 3 scrolls of remove curse
 g - 4 scrolls of amnesia {unknown}
 h - a scroll of teleportation {unknown}
 j - 4 scrolls of identify
 l - a scroll of immolation
 m - 3 scrolls of noise {unknown}
 p - a scroll of fear
 q - a scroll of enchant armour {unknown}
Potions
 o - 2 potions of curing
Comestibles
 c - 2 meat rations


   Skills:
 + Level 5.8 Fighting
 + Level 6.9 Short Blades
 - Level 1.5 Armour
 - Level 2.4 Dodging
 + Level 6.6 Stealth


You had 6 spell levels left.
You didn't know any spells.

Dungeon Overview and Level Annotations

Branches:
Dungeon (4/15)
 Temple: D:4-7

Altars:


Innate Abilities, Weirdness & Mutations

You are small and have problems with some larger weapons.
You are carnivorous and can eat meat at any time.


Message History

* * * LOW HITPOINT WARNING * * *
The worker ant bites you but does no damage.
The worker ant barely misses you.
Found a short sword.
Found a stone staircase leading down.
The worker ant bites you.
* * * LOW HITPOINT WARNING * * *
You are poisoned.
The worker ant poisons you!
You feel sick.
You see here a short sword.
You feel sick.
The worker ant bites you but does no damage.
There is a stone staircase leading down here.
You feel sick. The worker ant bites you.
* * * LOW HITPOINT WARNING * * *
You are more poisoned.
The worker ant poisons you!
The orc priest begins to cast a cantrip, but forgets the words!
The worker ant bites you.
You die...

##### #..@####
#...aoh#
#......##.#
#.#######.# #
#.# #h# #o# #)#
#######
..####)###.....#


You could see a worker ant, an orc priest and a jackal.

Vanquished Creatures
  Sigmund (D:3)
  The ghost of Gottschkopf the Ducker, an amateur KoWz (D:3)
  An orc priest (D:4)
  4 orc wizards
  Terence (D:3)
  7 adders
  2 oozes (D:1)
  5 worms
  A dart slug (D:1)
  7 leopard geckos
  12 orcs
  9 bats
  A giant cockroach (D:2)
  10 hobgoblins
  4 jackals
  4 quokkas
  A ball python (D:1)
  6 frilled lizards
  8 goblins
  7 kobolds
  6 rats
98 creatures vanquished.

Notes
Turn   | Place    | Note
-------+----------+-------------------------------------------
     0 | D:1      | Jannitor the Kobold Berserker began the quest for the Orb.
     0 | D:1      | Reached XP level 1. HP: 14/14 MP: 1/1
   406 | D:1      | Reached skill level 1 in Stealth
   440 | D:1      | Reached XP level 2. HP: 19/19 MP: 2/2
   860 | D:1      | Reached XP level 3. HP: 19/23 MP: 3/3
  1035 | D:2      | Reached ** piety under Trog
  1163 | D:2      | Reached XP level 4. HP: 29/29 MP: 4/4
  1448 | D:2      | Reached skill level 5 in Short Blades
  1527 | D:2      | Reached XP level 5. HP: 32/33 MP: 5/5
  1697 | D:3      | Noticed Gottschkopf's ghost (amateur KoWz)
  1719 | D:3      | Killed Gottschkopf's ghost
  1719 | D:3      | Reached XP level 6. HP: 29/39 MP: 6/6
  1832 | D:3      | Noticed Terence
  1840 | D:3      | Killed Terence
  1840 | D:3      | Reached skill level 5 in Stealth
  2032 | D:3      | Reached skill level 5 in Fighting
  2081 | D:3      | Reached *** piety under Trog
  2283 | D:3      | Noticed Sigmund
  2290 | D:3      | Killed Sigmund
  2290 | D:3      | Reached XP level 7. HP: 44/44 MP: 7/7
  2826 | D:4      | HP: 2/45 [worker ant (2)]
  2826 | D:4      | Slain by a worker ant

Skill      XL: |  1  2  3  4  5  6 |
---------------+-------------------+-----
Stealth        | 1 2 3 4 6 |  6.6
Fighting       | 4 5 |  5.8
Short Blades   | 5 6 |  6.9
Armour         | |  1.5
Dodging        | |  2.4

Action                   |  1- 3 |  4- 6 |  7- 9 || total
-------------------------+-------+-------+-------++-------
Melee: Short sword       |    70 |   128 |    36 ||   234
Invok: Berserk           |     1 |     6 |     1 ||     8
       Trog's Hand       |       |     3 |       ||     3
  Use: Scroll            |     4 |       |       ||     4
       Potion            |     2 |     1 |     2 ||     5
 Stab: Sleeping          |     4 |     4 |     2 ||    10
  Eat: Chunk             |    10 |    10 |     1 ||    21
Armor: Animal skin       |    13 |     9 |     6 ||    28
Dodge: Dodged            |    52 |    67 |    18 ||   137
